Map: Dusk Towers

Players

Elazer - Winner!

  • Race: Zerg Zerg
  • League: Grandmaster

Reynor

  • Race: Zerg Zerg
  • League: Grandmaster

Event: DreamHack ROCCAT LotV Championship

VOD

Have the link to the VOD?

Description

Time

  • Played on: Nov. 26, 2015, 6:13 a.m.
  • Length: 10:35

All games in this series

Show
View Real Time Build Order
Export as new Build Order

Elazer Zerg - Winner!

Build Orders: Pool First 

Get SALT Encoding   

  12  0:00  Drone  
  13  0:12  Overlord  
  13  0:17  Drone  
  14  0:30  Drone x2  
  14  0:34  Drone  
  17  0:42  Extractor  
  16  0:47  Spawning Pool  
  16  0:49  Drone  
  16  0:55  Drone  
  17  1:06  Drone  
  18  1:17  Overlord  
  18  1:34  Queen  
  18  1:35  Zergling x2  
  21  1:40  Zergling x2  
  21  1:41  Metabolic Boost  
  22  1:49  Zergling x2  
  23  1:55  Hatchery  
  23  2:01  Zergling x2  
  23  2:06  Baneling Nest  
  22  2:11  Zergling x2  
  23  2:22  Zergling x2  
  25  2:37  Drone  
  25  2:44  Queen  
  25  2:47  Drone x2  
  25  2:49  Overlord  
  25  2:51  Baneling x3  
  29  2:55  Baneling  
  29  2:57  Zergling x2  
  29  3:20  Drone x2  
  29  3:21  Queen  
  29  3:26  Zergling x4  
  35  3:27  Baneling  
  35  3:29  Zergling x2  
  35  3:31  Drone  
  37  3:38  Queen  
  37  3:39  Drone x2  
  41  3:42  Drone  
  41  3:45  Drone  
  43  3:52  Overlord  
  43  4:02  Overlord  
  43  4:15  Drone  
  44  4:18  Drone x2  
  40  4:24  Hatchery  
  40  4:25  Zergling x6  
  41  4:34  Zergling x6  
  44  4:38  Drone x2  
  44  4:42  Overlord  
  46  4:48  Drone x4  
  46  4:52  Overlord  
  49  5:00  Roach Warren  
  46  5:23  Drone x2  
  46  5:25  Extractor  
  46  5:26  Extractor  
  46  5:27  Overlord  
  46  5:28  Drone  
  46  5:33  Overlord  
  43  5:42  Drone  
  43  5:43  Drone x2  
  43  5:46  Roach x7  
  43  5:48  Lair  
  59  5:54  Roach  
  59  5:55  Roach x2  
  59  5:56  Roach  
  67  6:00  Overlord  
  67  6:07  Roach x2  
  71  6:13  Roach x2  
  71  6:18  Drone x3  
  78  6:19  Drone  
  78  6:22  Drone  
  78  6:25  Evolution Chamber  
  79  6:26  Ravager x3  
  79  6:28  Drone  
  79  6:31  Ravager  
  84  6:35  Drone x3  
  84  6:37  Drone  
  88  6:45  Drone x3  
  79  6:51  Drone x2  
  81  6:55  Zerg Missile Weapons Level 1  
  81  7:00  Glial Reconstitution  
  81  7:06  Drone x3  
  84  7:09  Drone  
  84  7:10  Drone  
  86  7:16  Drone x2  
  86  7:17  Drone, Overseer  
  86  7:19  Drone  
  86  7:22  Drone  
  91  7:26  Overlord  
  91  7:28  Drone  
  91  7:29  Drone  
  93  7:30  Drone  
  93  7:31  Drone  
  93  7:33  Drone  
  96  7:38  Drone x3  
  96  7:40  Drone x2  
  96  7:42  Drone  
  96  7:43  Drone  
  103  7:47  Extractor  
  102  7:53  Overlord  
  93  7:58  Roach  
  93  7:59  Roach x5  
  93  8:05  Drone  
  106  8:08  Roach x4  
  114  8:16  Overlord  
  114  8:17  Overlord  
  114  8:24  Roach x4  
  122  8:28  Hatchery  
  122  8:30  Overlord x2  
  122  8:32  Overlord  
  121  8:37  Roach x3  
  121  8:39  Roach x2  
  131  8:44  Extractor  
  130  8:49  Roach x5  
  140  9:05  Roach  
  140  9:06  Roach x6  
  154  9:14  Overlord x2  
  154  9:20  Roach x4  
  162  9:29  Overlord  
  162  9:32  Ravager x5  
  162  9:33  Ravager  
  162  9:35  Ravager  
  169  9:39  Drone  
  169  9:40  Drone x3, Extractor  
  169  9:41  Drone x3  
  169  9:42  Drone  
  169  9:43  Overlord x2  
  176  9:53  Roach x4  
  166  10:07  Roach x8  
Show
View Real Time Build Order
Export as new Build Order

Reynor Zerg 

Build Orders: 13 gas / 14 pool, Pool First 

Get SALT Encoding   

  12  0:01  Drone  
  13  0:11  Drone, Extractor  
  13  0:16  Drone  
  14  0:33  Spawning Pool  
  13  0:36  Drone  
  13  0:42  Extractor  
  13  0:43  Drone  
  15  0:52  Overlord  
  15  1:11  Drone  
  16  1:19  Metabolic Boost  
  16  1:20  Queen  
  16  1:22  Drone  
  19  1:27  Drone  
  20  1:34  Overlord  
  20  1:37  Zergling x2  
  21  1:44  Baneling Nest  
  20  1:48  Zergling x2  
  21  1:55  Zergling x2  
  22  2:06  Zergling x2  
  23  2:09  Queen  
  25  2:18  Zergling x2  
  26  2:29  Baneling x2  
  26  2:31  Zergling x2  
  26  2:32  Zergling x6  
  29  2:50  Baneling  
  29  2:52  Hatchery  
  29  2:53  Drone  
  28  3:07  Overlord  
  26  3:20  Drone x3  
  26  3:25  Drone x2  
  31  3:28  Drone  
  32  3:39  Zergling x2  
  32  3:52  Zergling x2  
  32  3:53  Queen  
  35  4:02  Overlord  
  35  4:13  Baneling  
  35  4:14  Drone  
  36  4:21  Drone x4  
  39  4:26  Drone x2  
  41  4:35  Queen  
  41  4:37  Drone  
  41  4:38  Drone  
  44  4:49  Overlord  
  44  4:50  Evolution Chamber  
  44  4:52  Hatchery  
  40  4:57  Drone x4  
  43  5:01  Drone  
  43  5:02  Overlord  
  43  5:05  Lair  
  44  5:08  Drone x2  
  46  5:18  Zergling x6  
  46  5:19  Zergling x2  
  47  5:26  Zergling x2  
  50  5:30  Zergling x8  
  51  5:38  Zerg Missile Weapons Level 1, Drone  
  51  5:39  Drone x2  
  51  5:42  Drone  
  43  5:48  Drone  
  41  5:50  Drone, Roach Warren  
  41  5:57  Drone  
  41  5:58  Drone x3  
  41  6:02  Drone  
  46  6:04  Baneling x4  
  46  6:08  Drone x3  
  46  6:11  Drone, Extractor  
  49  6:14  Extractor  
  49  6:16  Zergling x2  
  46  6:21  Queen  
  48  6:32  Roach x3  
  52  6:44  Roach x2  
  52  6:45  Zergling x10  
  52  6:46  Zergling x2  
  59  6:48  Roach  
  59  6:53  Roach  
  64  6:54  Drone x2  
  64  6:57  Drone  
  66  7:02  Overlord  
  66  7:04  Overlord  
  66  7:22  Overlord  
  66  7:25  Drone x3  
  66  7:26  Drone  
  66  7:27  Drone  
  66  7:28  Ravager x3  
  74  7:32  Overlord  
  74  7:35  Glial Reconstitution  
  74  7:42  Overlord  
  74  7:46  Drone x7  
  81  7:52  Roach x2  
  81  7:53  Roach  
  81  7:55  Drone  
  83  8:00  Roach x2  
  83  8:01  Drone  
  88  8:05  Extractor  
  88  8:08  Roach x2  
  88  8:12  Drone x3  
  92  8:16  Roach x2  
  96  8:20  Ravager x2  
  96  8:22  Overlord  
  96  8:24  Extractor  
  97  8:28  Overlord  
  97  8:39  Overlord  
  97  8:41  Roach x4  
  99  8:48  Roach x2  
  109  8:49  Drone  
  109  8:52  Roach x2  
  114  8:58  Roach x3  
  114  8:59  Roach  
  122  9:12  Overlord  
  122  9:15  Overlord  
  122  9:18  Overseer  
  122  9:20  Overlord  
  122  9:22  Overlord  
  122  9:34  Roach  
  122  9:35  Roach x3  
  122  9:36  Roach x4  
  122  9:38  Overlord x2  
  138  9:39  Roach x3  
  138  9:41  Roach  
  138  9:43  Ravager x3  
  149  9:51  Roach x2  
  153  9:54  Overlord  
  148  10:06  Roach x8  
  148  10:13  Roach x2  
  148  10:14  Roach  

Tags
 
Add a new tag
Caveats
  • Supply blocks, unpowered buildings, or Contaminate may cause inaccurate times.
  • Supply counts are checked every 10 seconds.